 Dungeon Crawl Stone Soup version 0.30-a0-840-ga523dec638 (webtiles) character file.

Game seed: 14648375736087876839

31157 retardedninja the Blocker (level 13, -12/104 HPs)
             Began as a Gnoll Fighter on Mar 1, 2023.
             Was an Initiate of Gozag.
             Mangled by a skyshark (23 damage)
             ... on level 3 of the Lair of Beasts.
             The game lasted 00:22:33 (17223 turns).

retardedninja the Blocker (Gnoll Fighter)          Turns: 17223, Time: 00:22:34

Health: -12/104    AC: 27    Str: 27    XL:     13   Next: 56%
Magic:  0/25       EV: 10    Int:  8    God:    Gozag
Gold:   3095       SH:  8    Dex: 11    Spells: 28/28 levels left

rFire   . . .      SeeInvis .    d - +7 flail (protect)
rCold   . . .      Faith    .    N - +2 buckler
rNeg    . . .      Spirit   +    J - +0 plate armour
rPois   +          Reflect  .    b - +0 helmet
rElec   .          Harm     .    A - +1 cloak
rCorr   .          Rampage  .    f - +0 pair of gloves
Will    .....                    (no boots) Stlth
                                 y - amulet of guardian spirit
HPRegen 0.37/turn                t - +6 ring of strength
MPRegen 0.19/turn                g - ring of poison resistance

@: under a protective aura
A: fangs 1, strong nose, distributed training
a: Renounce Religion, Potion Petition, Call Merchant, Bribe Branch


You were on level 3 of the Lair of Beasts.
You worshipped Gozag.
Gozag was most pleased with you.
You visited 3 branches of the dungeon, and saw 14 of its levels.
You also visited: Sewer and Ossuary.

You collected 3687 gold pieces.
You paid 592 gold pieces to Gozag.

Inventory:

Hand Weapons
 d - a +7 flail of protection (weapon)
Missiles
 j - 3 boomerangs (quivered)
 p - 5 throwing nets
 E - 5 javelins
Armour
 b - a +0 helmet (worn)
 f - a +0 pair of gloves (worn)
 A - a +1 cloak (worn)
 J - a +0 plate armour (worn)
 N - a +2 buckler (worn)
Jewellery
 g - a ring of poison resistance (right hand)
 t - a +6 ring of strength (left hand)
 y - an amulet of guardian spirit (around neck)
Wands
 a - a wand of mindburst (12)
 c - a wand of iceblast (12)
 h - a wand of charming (13)
 k - a wand of flame (7)
 u - a wand of polymorph (3)
 D - a wand of digging (11)
 M - a wand of acid (25)
Scrolls
 e - 2 scrolls of magic mapping
 l - 2 scrolls of poison
 m - 4 scrolls of vulnerability
 n - 3 scrolls of teleportation
 q - a scroll of blinking
 r - 2 scrolls of fear
 v - a scroll of immolation
 x - a scroll of amnesia
 G - a scroll of identify
Potions
 i - 2 potions of lignification
 o - a potion of haste
 w - 3 potions of flight
 z - a potion of cancellation
 C - 4 potions of mutation
 F - a potion of attraction
 H - a potion of degeneration {unknown}
 I - 2 potions of brilliance
Miscellaneous
 s - a lightning rod (3/4)
 B - a box of beasts (inert)


   Skills:
 + Level 10.7 Fighting
 + Level 8.4 Short Blades
 + Level 8.4 Long Blades
 + Level 8.4 Axes
 + Level 9.7 Maces & Flails
 + Level 8.4 Polearms
 + Level 8.4 Staves
 + Level 8.4 Ranged Weapons
 + Level 8.4 Throwing
 + Level 10.7 Armour
 + Level 8.4 Dodging
 + Level 8.4 Stealth
 + Level 10.7 Shields
 + Level 8.4 Unarmed Combat
 + Level 8.4 Spellcasting
 + Level 7.0 Conjurations
 + Level 7.0 Hexes
 + Level 7.0 Summonings
 + Level 7.0 Necromancy
 + Level 7.0 Translocations
 + Level 7.0 Transmutations
 + Level 7.0 Fire Magic
 + Level 7.0 Ice Magic
 + Level 7.0 Air Magic
 + Level 7.0 Earth Magic
 + Level 7.0 Poison Magic
 + Level 9.2 Invocations
 + Level 8.4 Evocations


You had 28 spell levels left.
You didn't know any spells.
Your spell library contained the following spells:

 Spells                   Type           Power      Damage    Failure   Level
 Apportation              Tloc           28%        N/A       11%         1
 Foxfire                  Conj/Fire      56%        2x1d6     11%         1
 Necrotise                Necr           56%        1d6       11%         1
 Shock                    Conj/Air       56%        1d6       11%         1
 Summon Small Mammal      Summ           56%        N/A       11%         1
 Sublimation of Blood     Necr           14%        N/A       16%         2
 Wereblood                Tmut           14%        N/A       16%         2
 Swiftness                Air            14%        N/A       30%         3
 Airstrike                Air            7%         2d(1-17)  71%         4
 Anguish                  Hex/Necr       7%         N/A       71%         4
 Summon Lightning Spire   Summ/Air       14%        N/A       71%         4
 Alistair's Intoxication  Tmut/Pois      9%         N/A       96%         5
 Fireball                 Conj/Fire      7%         3d5       96%         5
 Lightning Bolt           Conj/Air       7%         1d19      96%         5
 Eringya's Noxious Bog    Tmut/Pois      7%         N/A       100%        6
 Starburst                Conj/Fire      7%         6d4       100%        6
 Enfeeble                 Hex            7%         N/A       100%        7
 Summon Hydra             Summ           7%         N/A       100%        7
 Shatter                  Erth           7%         3d9*      100%        9


Dungeon Overview and Level Annotations

Branches:
Dungeon (10/15)            Temple (1/1) D:4            Lair (3/5) D:9
 Shoals (0/4) Lair:2       Spider (0/4) Lair:2        Sewer (visited)
Ossuary (visited)
    Orc: D:9-12

Altars:
Ashenzari
Cheibriados
Dithmenos
Elyvilon
Fedhas
Gozag
Hepliaklqana
Kikubaaqudgha
Makhleb
Nemelex Xobeh
Okawaru
Qazlal
Ru
Sif Muna
Trog
Uskayaw
Vehumet
Wu Jian
Xom
Yredelemnul
Zin
The Shining One

Shops:
D:9 *

Annotations:
D:6 2 transporters, TheSexyCheese's ghost, novice TrFi


Innate Abilities, Weirdness & Mutations

You have very sharp teeth.
Your uncanny sense of smell can sniff out nearby items.
Your experience applies equally to all skills.


Message History

You block the skyshark's attack.
The skyshark tail-slaps you but does no damage.
The skyshark closely misses you.
You hit the skyshark but do no damage.
You bite the skyshark, but do no damage.
The skyshark is heavily wounded.
The skyshark bites you! You block the skyshark's attack. x2
The skyshark bites you but does no damage.
The skyshark tail-slaps you! The skyshark barely misses you.
You open the lid... ...and a juvenile batshock beast flies out!
The box is emptied!
The skyshark bites you but does no damage.
The skyshark tail-slaps you but does no damage.
The skyshark barely misses you.
You sock the skyshark!
The skyshark is severely wounded.
The skyshark bites you!
* * * LOW HITPOINT WARNING * * *
The skyshark tail-slaps you but does no damage. x2
You bludgeon the skyshark!!
The skyshark is almost dead.
Your juvenile batshock beast misses the skyshark.
You block the skyshark's attack. The skyshark closely misses you.
The skyshark tail-slaps you but does no damage.
Your juvenile batshock beast hits the skyshark.
The skyshark bites you!
* * * LOW HITPOINT WARNING * * *
The skyshark tail-slaps you!
* * * LOW HITPOINT WARNING * * *
The skyshark completely misses you.
Aiming: Thunderbolt
Press: ? - help, Q - select action, (/) - cycle Shift-Dir - straight line, f/p - skyshark
Aim: a skyshark (almost dead, berserk, ally target)
The thunderbolt hits the skyshark!
The skyshark is almost dead.
Your juvenile batshock beast hits the skyshark but does no damage.
The skyshark bites you!!
You die...
Your body crumbles into a pile of gold.

#..#P#...##..###########....#..##
........###.## ### #...#.#.#.#
#....)..# #.# #.#. #P.#....###
#P..P...###.# ... ......P.....
##..........## .P##P#..#.....##
#.###...#.#..# .P ####......... .
#...##..## .## #........#
##...#P..####..# ##P#...###
##.....PP##P@HP# #######
#...........l.##
.......P.....#..P#
..#P............## .
###..PP..####.# #...#...# .# #.
#..###..# .. . #. .....#...# ..#
.##.##.P#.....##


You could see a skyshark (berserk, ally target) and a friendly juvenile batshock
beast (summoned).

Vanquished Creatures
  Gastronok (Lair:2)
  Fannar (Lair:1)
  Erica (Lair:2)
  3 two-headed ogres
  A skyshark (Lair:3)
  Pikel (D:8)
  An elephant (D:9)
  Maurice (D:8)
  A salamander (Lair:2)
  5 cane toads
  Maggie (D:9)
  A torpor snail (Lair:3)
  5 komodo dragons
  2 trolls
  A polar bear (Lair:2)
  A wraith (D:9)
  A shadow (D:9)
  15 yaks
  4 fire bats (Lair:2)
  A wyvern (D:9)
  A fire elemental (Lair:2)
  4 basilisks
  3 redbacks
  Edmund (D:5)
  2 acid dragons
  3 water moccasins
  3 orc warriors
  An ice beast (D:7)
  Pargi (Sewer)
  A black bear (D:9)
  An ogre (D:5)
  4 centaurs
  6 wolves (Lair:2)
  A lemure (D:8)
  A phantom (D:5)
  Blork the orc (D:6)
  An elf zombie (Ossuary)
  3 gnoll sergeants
  7 bullfrogs
  4 scorpions
  A necrophage (D:5)
  26 wights
  6 killer bees
  4 howler monkeys
  4 hounds
  2 jellies (D:7)
  2 orc priests
  A human zombie (Ossuary)
  Jessica (D:2)
  3 iguanas
  9 orc wizards
  2 mummies (Ossuary)
  16 gnolls
  A river rat (D:5)
  8 adders
  4 shadow imps (D:7)
  A white imp (D:6)
  3 worms
  A dart slug (D:1)
  29 orcs
  4 endoplasms
  3 giant cockroaches
  4 gnoll zombies (Ossuary)
  4 goblins
  A hobgoblin (D:2)
  3 jackals (D:4)
  5 quokkas
  10 ball pythons
  18 bats
  6 frilled lizards
  2 goblin zombies (Ossuary)
  A hobgoblin zombie (Ossuary)
  4 kobolds
  5 orc zombies (Ossuary)
  4 rats
295 creatures vanquished.

Vanquished Creatures (collateral kills)
  A komodo dragon (Lair:1)
  A basilisk (Lair:1)
  3 water moccasins (Lair:1)
  3 orcs (D:7)
8 creatures vanquished.

Vanquished Creatures (others)
  12 fungi
  5 plants
17 creatures vanquished.

Grand Total: 320 creatures vanquished

Notes
Turn   | Place    | Note
-------+----------+-------------------------------------------
     0 | D:1      | retardedninja the Gnoll Fighter began the quest for the
                  | Orb.
     0 | D:1      | Reached XP level 1. HP: 23/23 MP: 1/1
    83 | D:1      | Reached XP level 2. HP: 27/29 MP: 2/2
   750 | D:2      | Noticed Jessica
   757 | D:2      | Killed Jessica
   758 | D:2      | Reached skill level 1 in Invocations
   758 | D:2      | Reached XP level 3. HP: 27/35 MP: 2/4
   935 | D:2      | Reached skill level 1 in Short Blades
   935 | D:2      | Reached skill level 1 in Long Blades
   935 | D:2      | Reached skill level 1 in Axes
   935 | D:2      | Reached skill level 1 in Polearms
   935 | D:2      | Reached skill level 1 in Staves
   935 | D:2      | Reached skill level 1 in Ranged Weapons
   935 | D:2      | Reached skill level 1 in Throwing
   935 | D:2      | Reached skill level 1 in Dodging
   935 | D:2      | Reached skill level 1 in Stealth
   935 | D:2      | Reached skill level 1 in Unarmed Combat
   935 | D:2      | Reached skill level 1 in Spellcasting
   935 | D:2      | Reached skill level 1 in Evocations
  1260 | D:2      | Reached XP level 4. HP: 35/41 MP: 5/5
  1638 | D:3      | Reached skill level 1 in Conjurations
  1638 | D:3      | Reached skill level 1 in Hexes
  1638 | D:3      | Reached skill level 1 in Summonings
  1638 | D:3      | Reached skill level 1 in Necromancy
  1638 | D:3      | Reached skill level 1 in Translocations
  1638 | D:3      | Reached skill level 1 in Transmutations
  1638 | D:3      | Reached skill level 1 in Fire Magic
  1638 | D:3      | Reached skill level 1 in Ice Magic
  1638 | D:3      | Reached skill level 1 in Air Magic
  1638 | D:3      | Reached skill level 1 in Earth Magic
  1638 | D:3      | Reached skill level 1 in Poison Magic
  1695 | D:3      | Reached XP level 5. HP: 19/47 MP: 5/7
  1819 | D:2      | Reached XP level 6. HP: 53/53 MP: 8/8
  1867 | D:3      | Got the Teachings on Geomancy and the Coward
  1882 | D:3      | Reached skill level 5 in Maces & Flails
  2209 | D:3      | Found a faded altar of an unknown god.
  2251 | D:4      | Found a staircase to the Ecumenical Temple.
  2264 | Temple   | Entered the Ecumenical Temple
  2264 | Temple   | Noticed an Ice Fiend
  2265 | Temple   | Noticed Ruine the pandemonium lord
  2265 | Temple   | Noticed a Hell Sentinel
  2267 | Temple   | Noticed a reaper
  2275 | Temple   | Noticed Unlies the pandemonium lord
  2275 | Temple   | Noticed Uschu the pandemonium lord
  2275 | Temple   | Noticed a hellwing
  2275 | Temple   | Noticed a chaos spawn
  2276 | Temple   | Noticed an Ice Fiend
  2304 | Temple   | Noticed Gimuash the pandemonium lord
  2305 | Temple   | Noticed a red devil
  2322 | Temple   | Noticed Qojifoh the pandemonium lord
  2330 | Temple   | Noticed an orange demon
  2331 | Temple   | Noticed an ice devil
  2351 | Temple   | Noticed Sehydo the pandemonium lord
  2352 | Temple   | Noticed an ice devil
  2386 | Temple   | Became a worshipper of Gozag Ym Sagoz the Greedy
  2884 | D:4      | Found a snail-covered altar of Cheibriados.
  2893 | D:4      | Reached XP level 7. HP: 53/60 MP: 10/10
  3443 | D:5      | Entered Level 5 of the Dungeon
  3648 | D:5      | Reached XP level 8. HP: 38/67 MP: 12/12
  3815 | D:5      | Noticed Edmund
  3827 | D:5      | Killed Edmund
  3903 | D:5      | Found an iron altar of Okawaru.
  3989 | D:5      | Found a glowing drain.
  4014 | Sewer    | Entered a sewer
  4113 | Sewer    | Noticed Pargi
  4131 | Sewer    | Killed Pargi
  4376 | D:5      | Found a glowing silver altar of Zin.
  4396 | D:5      | Found a stormy altar of Qazlal.
  4819 | D:5      | Found a radiant altar of Vehumet.
  5030 | D:5      | Found a shadowy altar of Dithmenos.
  5270 | D:6      | Found a transporter.
  5271 | D:6      | Noticed TheSexyCheese's ghost (novice TrFi)
  5272 | D:6      | Found a transporter.
  5273 | D:6      | Identified the +7 giant club of Eternal War {spect, Str+2
                  | Stlth+}
  5328 | D:6      | Noticed Blork the orc
  5354 | D:6      | Killed Blork the orc
  5705 | D:6      | Found a white marble altar of Elyvilon.
  6374 | D:7      | Reached XP level 9. HP: 71/73 MP: 14/14
  6909 | D:7      | Found a sand-covered staircase.
  6932 | Ossuary  | Entered an ossuary
  6975 | Ossuary  | Reached skill level 5 in Invocations
  8061 | D:8      | Noticed Maurice
  8069 | D:8      | Killed Maurice
  8121 | D:8      | Noticed Pikel
  8146 | D:8      | Killed Pikel
  8147 | D:8      | Reached skill level 5 in Short Blades
  8147 | D:8      | Reached skill level 5 in Long Blades
  8147 | D:8      | Reached skill level 5 in Axes
  8147 | D:8      | Reached skill level 5 in Polearms
  8147 | D:8      | Reached skill level 5 in Staves
  8147 | D:8      | Reached skill level 5 in Ranged Weapons
  8147 | D:8      | Reached skill level 5 in Throwing
  8147 | D:8      | Reached skill level 5 in Dodging
  8147 | D:8      | Reached skill level 5 in Stealth
  8147 | D:8      | Reached skill level 5 in Unarmed Combat
  8147 | D:8      | Reached skill level 5 in Spellcasting
  8147 | D:8      | Reached skill level 5 in Evocations
  8147 | D:8      | Reached XP level 10. HP: 60/82 MP: 12/17
  9116 | D:8      | Noticed a two-headed ogre
  9121 | D:8      | Killed a two-headed ogre
  9807 | D:8      | Identified a scroll of acquirement
  9807 | D:8      | Acquired 862 gold pieces
  9914 | D:9      | Found a staircase to the Lair.
  9915 | D:9      | Noticed an elephant
 10359 | D:9      | Killed an elephant
 10452 | D:9      | Noticed Maggie
 10462 | D:9      | Killed Maggie
 10463 | D:9      | Reached skill level 5 in Conjurations
 10463 | D:9      | Reached skill level 5 in Hexes
 10463 | D:9      | Reached skill level 5 in Summonings
 10463 | D:9      | Reached skill level 5 in Necromancy
 10463 | D:9      | Reached skill level 5 in Translocations
 10463 | D:9      | Reached skill level 5 in Transmutations
 10463 | D:9      | Reached skill level 5 in Fire Magic
 10463 | D:9      | Reached skill level 5 in Ice Magic
 10463 | D:9      | Reached skill level 5 in Air Magic
 10463 | D:9      | Reached skill level 5 in Earth Magic
 10463 | D:9      | Reached skill level 5 in Poison Magic
 10463 | D:9      | Reached XP level 11. HP: 38/89 MP: 9/20
 11025 | D:9      | Noticed a two-headed ogre
 11032 | D:9      | Killed a two-headed ogre
 11534 | D:9      | Found Gedif's Neck Hole.
 11723 | D:10     | Entered Level 10 of the Dungeon
 11752 | D:10     | Noticed a two-headed ogre
 11757 | D:10     | Killed a two-headed ogre
 12422 | D:10     | Found a burning altar of Makhleb.
 12739 | D:10     | Found a sparkling altar of Nemelex Xobeh.
 12904 | D:10     | Found a broken altar of Ashenzari.
 13019 | Lair:1   | Entered Level 1 of the Lair of Beasts
 13389 | Lair:1   | Reached XP level 12. HP: 86/97 MP: 18/22
 13507 | Lair:1   | Noticed Fannar
 13523 | Lair:1   | Killed Fannar
 14184 | Lair:1   | Reached skill level 10 in Fighting
 14184 | Lair:1   | Reached skill level 10 in Armour
 14184 | Lair:1   | Reached skill level 10 in Shields
 14184 | Lair:1   | Reached XP level 13. HP: 104/104 MP: 22/24
 14195 | Lair:2   | Noticed Erica
 14362 | Lair:2   | Killed Erica
 14481 | Lair:2   | HP: 3/104 [polar bear (4)]
 15378 | Lair:2   | Found a staircase to the Shoals.
 15694 | Lair:2   | Found a hole to the Spider Nest.
 16018 | Lair:2   | Noticed Gastronok
 16039 | Lair:2   | Killed Gastronok
 17223 | Lair:3   | Mangled by a skyshark

Illustrated notes

Levels and vault maps discovered:
D:1:      scummos_arrival_star, layout_loops_ring
D:2:      layout_loops_ring, uniq_jessica
D:3:      layout_rooms, shapermc_ecumenical_altar_hornbeckon,
          chequers_serial_rivers_micro_c
D:4:      layout_loops_corners, nicolae_overflow_hidden_temple, temple_statues
D:5:      layout_basic, grunt_dithmenos_smoke, minmay_overflow_temple_star_quad,
          okawaru_altar_gauntlet_db, portal_sewer_entry_e, uniq_edmund
D:6:      layout_basic, mainiacjoe_overflow_surrounded_room,
          gammafunk_ghost_smash, uniq_blork_the_orc
D:7:      hangedman_cross_stitches, layout_basic, enter_ossuary_1
D:8:      layout_loops_cross, uniq_maurice, uniq_pikel
D:9:      layout_loops_corners, david_lair_generic, hangedman_decor_points,
          nicolae_shop_sticking_my_neck_out, uniq_maggie
D:10:     layout_roguey, lemuel_round_altar, lemuel_round_altar,
          nemelex_xobeh_ov_fountains_minmay, grunt_decor_fettered
Temple:   nicolae_temple_panitentiary
Lair:1:   layout_small_grid, roderic_batcave, infiniplex_staircase_pool_2,
          serial_bayou_shore_b, grunt_megastairs_4, lemuel_fruit_tree,
          uniq_fannar
Lair:2:   layout_gridlike, elwin_shoals_entry_rocks, spider_nest_entry_webs,
          uniq_gastronok, uniq_erica
Lair:3:   layout_loops_ring

Skill      XL: |  1  2  3  4  5  6  7  8  9 10 11 12 13 |
---------------+----------------------------------------+-----
Invocations    | 1 2 3 4 5 6 7 8 9 |  9.2
Short Blades   | 1 2 3 5 6 7 8 |  8.4
Long Blades    | 1 2 3 5 6 7 8 |  8.4
Axes           | 1 2 3 5 6 7 8 |  8.4
Polearms       | 1 2 3 5 6 7 8 |  8.4
Staves         | 1 2 3 5 6 7 8 |  8.4
Ranged Weapons | 1 2 3 5 6 7 8 |  8.4
Throwing       | 1 2 3 5 6 7 8 |  8.4
Dodging        | 1 2 3 5 6 7 8 |  8.4
Stealth        | 1 2 3 5 6 7 8 |  8.4
Unarmed Combat | 1 2 3 5 6 7 8 |  8.4
Spellcasting   | 1 2 3 5 6 7 8 |  8.4
Evocations     | 1 2 3 5 6 7 8 |  8.4
Conjurations   | 1 2 3 4 5 6 7 |  7.0
Hexes          | 1 2 3 4 5 6 7 |  7.0
Summonings     | 1 2 3 4 5 6 7 |  7.0
Necromancy     | 1 2 3 4 5 6 7 |  7.0
Translocations | 1 2 3 4 5 6 7 |  7.0
Transmutations | 1 2 3 4 5 6 7 |  7.0
Fire Magic     | 1 2 3 4 5 6 7 |  7.0
Ice Magic      | 1 2 3 4 5 6 7 |  7.0
Air Magic      | 1 2 3 4 5 6 7 |  7.0
Earth Magic    | 1 2 3 4 5 6 7 |  7.0
Poison Magic   | 1 2 3 4 5 6 7 |  7.0
Maces & Flails | 5 6 7 8 9 |  9.7
Fighting       | 7 8 9 10 | 10.7
Armour         | 7 8 9 10 | 10.7
Shields        | 7 8 9 10 | 10.7

Action                     |  1- 3 |  4- 6 |  7- 9 | 10-12 | 13-15 || total
---------------------------+-------+-------+-------+-------+-------++-------
  Melee: Flail             |    76 |    77 |   403 |   348 |   207 ||  1111
         Bite              |     4 |     9 |    37 |    44 |    28 ||   122
  Throw: Boomerang         |    20 |    12 |     4 |       |    13 ||    49
 Invoke: Potion Petition   |       |       |       |       |     2 ||     2
  Evoke: Wand              |       |       |     3 |    11 |     3 ||    17
         Lightning rod     |       |       |       |     7 |     1 ||     8
         Box of beasts     |       |       |       |     1 |     1 ||     2
    Use: Potion            |       |     4 |     6 |     7 |       ||    17
         Scroll            |       |     3 |    11 |    10 |     1 ||    25
   Stab: Distracted        |       |       |     3 |     2 |       ||     5
 Armour: Scale mail        |    14 |       |       |       |       ||    14
         Chain mail        |    33 |    44 |   208 |       |       ||   285
         Skin              |       |     1 |       |       |       ||     1
         Plate armour      |       |       |    40 |   216 |   247 ||   503
  Dodge: Dodged            |    28 |    41 |   188 |   133 |   145 ||   535
  Block: Buckler           |    17 |    22 |   149 |   142 |   135 ||   465

Table legend: (Time is in decaauts)
 A = Elapsed time spent in this place.
 B = Non-inter-level travel time spent in this place.
 C = Inter-level travel time spent in this place.
 D = Time resting spent in this place.
 E = Time spent auto-exploring this place.
 F = Levels seen in this place.
 G = Mean time per level.
                   A        B        C        D        E       F      G
               +--------+--------+--------+--------+--------+-----+--------+
         Total |  17383 |  16650 |    733 |   5209 |   8661 |  16 | 1086.4 |
       Dungeon |  12459 |  11963 |    496 |   3817 |   6327 |  10 | 1245.9 |
        Temple |    163 |    163 |      0 |      0 |    101 |   1 |  163.0 |
          Lair |   4195 |   3958 |    237 |   1320 |   1957 |   3 | 1398.3 |
         Sewer |    368 |    368 |      0 |     71 |    153 |   1 |  368.0 |
       Ossuary |    197 |    197 |      0 |      0 |    122 |   1 |  197.0 |
               +--------+--------+--------+--------+--------+-----+--------+

Top non-repeatable levels by time:
  Lair:2: 2204 daAuts
     D:8: 2065 daAuts
     D:9: 1653 daAuts
     D:7: 1516 daAuts
     D:5: 1423 daAuts
  Lair:1: 1333 daAuts
    D:10: 1271 daAuts
     D:6: 1145 daAuts
     D:4: 1084 daAuts
     D:2: 843 daAuts
     D:3: 793 daAuts
     D:1: 662 daAuts
  Lair:3: 657 daAuts
   Sewer: 368 daAuts
 Ossuary: 197 daAuts
